 Dungeon Crawl Stone Soup version 0.22-a0-414-gacd343e (webtiles) character file.

20618 raistware the Destroyer (level 12, -12/74 HPs)
             Began as a Mummy Wizard on May 12, 2018.
             Was a High Priest of Sif Muna.
             Mangled by a death yak (23 damage)
             ... on level 2 of the Lair of Beasts on May 13, 2018.
             The game lasted 01:32:39 (21251 turns).

raistware the Destroyer (Mummy Wizard)             Turns: 21251, Time: 01:32:39

Health: -12/74     AC: 10    Str: 14    XL:     12   Next: 47%
Magic:  8/27       EV: 27    Int: 22    God:    Sif Muna [*****.]
Gold:   488        SH:  0    Dex: 11    Spells: 3/33 levels left

rFire    x . .     SeeInvis .   d - +2 mace (protect)
rCold    + + .     Gourm    .   (no shield)
rNeg     + + +     Faith    .   l - +1 robe {rC+}
rPois    ∞         Spirit   .   b - +0 hat
rElec    .         Reflect  .   a - +0 cloak
rCorr    .         Harm     .   (no gloves)
MR       +....                  e - +2 pair of boots
Stlth    ++........             m - amulet of the acrobat
HPRegen  0.22/turn              F - +3 ring of protection
MPRegen  0.20/turn              x - +4 ring of strength

@: no status effects
A: no food or potions, fire vulnerability, cold resistance 1, negative energy
resistance 3, torment resistance, unbreathing
a: Divine Energy, Channel Magic, Forget Spell, Renounce Religion


You were on level 2 of the Lair of Beasts.
You worshipped Sif Muna.
Sif Muna was extremely pleased with you.
You were not hungry.

You visited 3 branches of the dungeon, and saw 16 of its levels.

You collected 784 gold pieces.
You spent 296 gold pieces at shops.

Inventory:

Hand Weapons
 d - a +2 mace of protection (weapon)
 n - a +1 flail of protection
 q - the +1 mace "Killer Bee's Curse" {venom, rF- Str+10 Int-3 SInv}
   (You found it on level 10 of the Dungeon)

   It poisons the flesh of those it strikes.
   It affects your strength (+10).
   It affects your intelligence (-3).
   It makes you vulnerable to fire.
   It lets you see invisible.
 D - the +4 falchion of Tuamilem {freeze, rN+++ MP-9 Int+9}
   (You bought it in a shop on level 12 of the Dungeon)

   It has been specially enchanted to freeze those struck by it, causing extra
   injury to most foes and up to half again as much damage against particularly
   susceptible opponents.
   It can also slow down cold-blooded creatures.
   It affects your intelligence (+9).
   It renders you almost immune to negative energy.
   It affects your magic capacity (-9).
Missiles
 v - a throwing net (quivered)
Armour
 a - a +0 cloak (worn)
 b - a +0 hat (worn)
 e - a +2 pair of boots (worn)
 l - a +1 robe of cold resistance (worn)
 E - a +0 buckler
Jewellery
 m - an amulet of the acrobat (around neck)
 o - a +1 ring of protection
 x - a +4 ring of strength (right hand)
 F - a +3 ring of protection (left hand)
 H - an uncursed ring of see invisible
Wands
 j - a wand of enslavement (19)
 s - a wand of iceblast (11)
 u - a wand of polymorph (17)
 w - a wand of random effects (30)
 z - a wand of paralysis (10)
 C - a wand of acid (6)
 G - a wand of flame (32)
Scrolls
 c - a scroll of magic mapping
 g - 7 scrolls of teleportation
 h - 2 scrolls of fear
 i - 8 scrolls of identify
 k - 6 scrolls of fog
 p - 5 scrolls of enchant weapon
 r - 2 scrolls of remove curse
 t - 3 scrolls of amnesia
 y - a scroll of enchant armour
 A - 2 scrolls of noise {unknown}
Miscellaneous
 B - a crystal ball of energy


   Skills:
 - Level 1.5 Dodging
 - Level 1.5 Stealth
 + Level 11.0 Spellcasting
 * Level 11.0 Conjurations
 - Level 2.0 Charms
 - Level 1.0 Summonings
 - Level 1.0 Translocations
 * Level 10.3 Fire Magic
 - Level 4.0 Ice Magic
 - Level 2.0 Air Magic


You had 3 spell levels left.
You knew the following spells:

 Your Spells              Type           Power        Failure   Level  Hunger
a - Magic Dart            Conj           ####         1%          1    N/A
b - Blink                 Tloc           N/A          5%          2    N/A
c - Call Imp              Summ           ###.....     5%          2    N/A
d - Conjure Flame         Conj/Fire      ######..     1%          3    N/A
e - Mephitic Cloud        Conj/Pois/Air  ####....     2%          3    N/A
f - Summon Lightning Spi  Summ/Air       ###.....     28%         4    N/A
g - Throw Icicle          Conj/Ice       #####...     2%          4    N/A
h - Sticky Flame          Conj/Fire      ######..     1%          4    N/A
i - Ring of Flames        Chrm/Fire      #####.....   98%         7    N/A

Your spell library contained the following spells:

 Spells                   Type           Power        Failure   Level  Hunger
 Bolt of Fire             Conj/Fire      ######....   11%         6    N/A
 Slow                     Hex            ##......     9%          2    N/A
 Throw Frost              Conj/Ice       #####.       1%          2    N/A
 Controlled Blink         Tloc           N/A          100%        8    N/A
 Summon Small Mammal      Summ           ###.         3%          1    N/A
 Freeze                   Ice            ####         1%          1    N/A
 Summon Ice Beast         Ice/Summ       ###.....     19%         4    N/A
 Ozocubu's Armour         Chrm/Ice       ####....     4%          3    N/A
 Regeneration             Chrm/Necr      ###.......   11%         3    N/A
 Stone Arrow              Conj/Erth      #####.       1%          3    N/A
 Sticks to Snakes         Tmut           ##......     9%          2    N/A
 Call Canine Familiar     Summ           ###.....     11%         3    N/A
 Petrify                  Tmut/Erth      ##......     47%         4    N/A
 Shroud of Golubria       Chrm/Tloc      ###.......   4%          2    N/A
 Infusion                 Chrm           ###.         2%          1    N/A
 Song of Slaying          Chrm           ###.....     3%          2    N/A
 Spectral Weapon          Hex/Chrm       ###.....     11%         3    N/A
 Summon Forest            Summ/Tloc      ###.......   69%         5    N/A
 Summon Guardian Golem    Hex/Summ       ##......     13%         3    N/A
 Irradiate                Conj/Tmut      #####.....   16%         5    N/A
 Gell's Gravitas          Tloc           ###.......   11%         3    N/A
 Yara's Violent Unravell  Hex/Tmut       ##........   83%         5    N/A

Dungeon Overview and Level Annotations

Branches:
Dungeon (12/15)            Temple (1/1) D:7            Lair (3/6) D:10
  Snake (0/4) Lair:2          Orc (0/2) D:9
  Swamp: Lair:2-4    Shoals: Lair:2-4

Altars:
Ashenzari
Cheibriados
Dithmenos
Elyvilon
Fedhas
Gozag
Hepliaklqana
Kikubaaqudgha
Makhleb
Nemelex Xobeh
Okawaru
Qazlal
Ru
Sif Muna
Trog
Uskayaw
Vehumet
Wu Jian
Xom
Yredelemnul
Zin
The Shining One
Lugonu

Shops:
D:4 (   D:12 (

Annotations:
D:12 Nessos


Innate Abilities, Weirdness & Mutations

You do not eat or drink.
Your flesh is vulnerable to fire.
You are immune to poison.
Your flesh is cold resistant. (rC+)
You are immune to negative energy. (rN+++)
You are immune to unholy pain and torment.
You can survive without breathing.


Message History

Casting: Conjure Flame (safe; 1% risk of failure)
Confirm with . or Enter, or press ? or * to list all spells.
Aiming: Summon Lightning Spire (slightly dangerous; 28% risk of failure)
Press: ? - help, Dir - move target cursor You miscast Summon Lightning Spire.
Sif Muna protects you from the effects of your miscast!
The death yak is engulfed in blazing flames.
Casting: Summon Lightning Spire (slightly dangerous; 28% risk of failure)
Confirm with . or Enter, or press ? or * to list all spells.
Aiming: Summon Lightning Spire (slightly dangerous; 28% risk of failure)
Press: ? - help, Dir - move target cursor, f - death yak
Aim: a death yak (flame, lightly wounded)
Okay, then.
The death yak completely misses you.
The death yak is engulfed in blazing flames.
The death yak gores you!
* * * LOW HITPOINT WARNING * * *
The death yak is engulfed in blazing flames.
The death yak gores you!!
You die...

##....#....## ###
..#...##..#######.#
......P..####.....#
#.P.......#.#.....#
#.....###.......)##
....######P......P#
...## #.........##
..## ##........######
##### .##
#........@Y§##.# #...#
.### #........##§§..#
#..## ...##
#.......####...####..#
....## ##..(...#
###...#..## .....#
##....## ##..§(.#
.....######.#.#
#P#...# ......#.#
##### #####.##
.......## #>.#
........# ### #.##


You could see a death yak.

Vanquished Creatures
  2 hydras
  The ghost of psellion the Archer, a novice CeHu of Okawaru (D:9)
  5 death yaks
  A centaur zombie (D:10)
  A black mamba (Lair:2)
  2 spiny frogs
  A kobold demonologist (D:11)
  2 komodo dragons
  A troll (D:11)
  8 hippogriffs
  Sigmund (D:3)
  2 wyverns
  21 yaks
  Edmund (D:4)
  3 hungry ghosts
  Menkaure (D:4)
  6 porcupines
  6 water moccasins
  6 orc warriors
  A sky beast (D:10)
  2 necrophages
  An eye of draining (D:10)
  4 phantoms
  6 ogres
  4 centaurs
  4 crocodiles
  4 big kobolds
  8 bullfrogs
  4 gnoll sergeants
  A wyvern skeleton (D:10)
  2 scorpions
  6 killer bees
  4 wights (D:6)
  4 howler monkeys
  A bullfrog zombie (D:9)
  5 crimson imps
  3 jellies
  Crazy Yiuf (D:3)
  4 hounds
  6 orc priests
  10 orc wizards
  5 bullfrog skeletons
  4 centaur skeletons
  2 gnoll shamans
  Ijyb (D:3)
  12 worker ants
  A killer bee zombie (D:9)
  A hound zombie (D:10)
  A hound skeleton (D:5)
  A worker ant zombie (D:10)
  Robin (D:3)
  15 gnolls
  14 adders
  2 oozes
  2 adder skeletons (D:4)
  A worm (D:2)
  3 dart slugs
  2 leopard geckos
  30 orcs
  5 bats
  8 giant cockroaches
  12 goblins
  7 hobgoblins
  20 jackals
  9 kobolds
  5 quokkas
  5 frilled lizards
  10 rats
335 creatures vanquished.

Vanquished Creatures (collateral kills)
  A two-headed ogre (D:10)
  A yak (Lair:3)
  2 porcupines
  4 water moccasins
  An orc warrior (D:8)
  An ice beast (D:10)
  A necrophage (D:7)
  A centaur (D:9)
  A gnoll sergeant (D:9)
  2 bullfrogs
  A scorpion (D:2)
  7 killer bees
  5 wights (D:9)
  A quasit (D:10)
  2 orc priests
  A hound (D:7)
  2 orc wizards
  2 iguanas
  3 gnolls (D:9)
  4 orcs
  A hobgoblin (D:3)
  2 jackals (D:8)
  2 goblins (D:3)
48 creatures vanquished.

Vanquished Creatures (others)
  A troll (D:9)
  An orc warrior (D:9)
  A gnoll sergeant (D:9)
  2 killer bees (D:9)
  3 goblins (D:3)
  12 fungi
  16 plants
36 creatures vanquished.

Grand Total: 419 creatures vanquished

Notes
Turn   | Place    | Note
-------+----------+-------------------------------------------
     0 | D:1      | raistware the Mummy Wizard began the quest for the Orb.
     0 | D:1      | Reached XP level 1. HP: 13/13 MP: 5/5
    17 | D:1      | Reached skill level 1 in Conjurations
   280 | D:1      | Reached XP level 2. HP: 19/19 MP: 2/7
   284 | D:1      | Learned a level 2 spell: Blink
   287 | D:1      | Learned a level 2 spell: Call Imp
   855 | D:1      | Reached XP level 3. HP: 13/24 MP: 2/8
   860 | D:1      | Learned a level 3 spell: Conjure Flame
  1228 | D:2      | Noticed a scorpion
  1276 | D:2      | Killed a scorpion
  1276 | D:2      | Reached XP level 4. HP: 6/30 MP: 2/10
  2322 | D:3      | Found a basalt altar of Yredelemnul.
  2488 | D:3      | Noticed Ijyb
  2494 | D:3      | Learned a level 3 spell: Mephitic Cloud
  2513 | D:3      | Killed Ijyb
  2513 | D:3      | Reached XP level 5. HP: 35/35 MP: 1/11
  2667 | D:3      | Found a shattered altar of Ashenzari.
  2667 | D:3      | Found a radiant altar of Vehumet.
  2680 | D:3      | Found a hide-covered altar of Uskayaw.
  2682 | D:3      | Found a sacrificial altar of Ru.
  2684 | D:3      | Found a bloodstained altar of Trog.
  2793 | D:3      | Reached skill level 1 in Fire Magic
  2856 | D:3      | Found a shadowy altar of Dithmenos.
  2970 | D:3      | Noticed Robin
  3027 | D:3      | Killed Robin
  3121 | D:3      | Noticed Sigmund
  3235 | D:3      | Killed Sigmund
  3235 | D:3      | Reached XP level 6. HP: 10/41 MP: 5/13
  3339 | D:3      | Found a runed door.
  3476 | D:3      | Noticed Crazy Yiuf
  3486 | D:3      | Killed Crazy Yiuf
  3619 | D:4      | Noticed Menkaure
  3644 | D:4      | Killed Menkaure
  3644 | D:4      | Reached skill level 5 in Spellcasting
  3644 | D:4      | Reached skill level 5 in Conjurations
  3644 | D:4      | Reached XP level 7. HP: 46/46 MP: 3/14
  3951 | D:4      | Found Cekias's Antique Weapon Shoppe.
  4630 | D:4      | Noticed Edmund
  4658 | D:4      | Killed Edmund
  4782 | D:5      | Entered Level 5 of the Dungeon
  4979 | D:5      | Reached XP level 8. HP: 52/52 MP: 10/16
  5683 | D:3      | Became a worshipper of Uskayaw the Reveler
  5757 | D:6      | Reached * piety under Uskayaw
  5760 | D:6      | Reached ** piety under Uskayaw
  5941 | D:6      | Reached *** piety under Uskayaw
  6479 | D:6      | Reached skill level 5 in Fire Magic
  6794 | D:6      | Upgraded the game from 0.22-a0-412-g2b68d14 to 0.22-a0-414-gacd343e
  6826 | D:6      | Reached **** piety under Uskayaw
  6975 | D:6      | Fell from the grace of Uskayaw
  7423 | D:7      | Learned a level 4 spell: Summon Lightning Spire
  7523 | D:7      | Reached XP level 9. HP: 57/57 MP: 12/19
  7591 | D:7      | Found a hazy altar of Hepliaklqana.
  7747 | D:7      | Found a staircase to the Ecumenical Temple.
  7821 | Temple   | Entered the Ecumenical Temple
  8103 | D:7      | Found a deep blue altar of Sif Muna.
  8109 | D:7      | Became a worshipper of Sif Muna the Loreminder
  8188 | D:7      | Reached skill level 1 in Translocations
  8188 | D:7      | Reached skill level 1 in Air Magic
  8202 | D:7      | Reached skill level 1 in Summonings
  8475 | D:8      | Found a glowing silver altar of Zin.
  8475 | D:8      | Found a shimmering altar of Xom.
  8475 | D:8      | Noticed an angel
  8611 | D:8      | Found a burning altar of Makhleb.
  8724 | D:8      | Reached * piety under Sif Muna
  9127 | D:8      | Found a burning altar of Makhleb.
  9425 | D:8      | Learned a level 4 spell: Throw Icicle
  9856 | D:9      | Reached skill level 1 in Ice Magic
 10038 | D:9      | Paralysed by the fury of Uskayaw for 7 turns
 10050 | D:9      | Noticed psellion's ghost (novice CeHu)
 10055 | D:9      | Reached XP level 10. HP: 57/63 MP: 7/22
 10057 | D:9      | Reached ** piety under Sif Muna
 10067 | D:9      | Killed psellion's ghost
 10860 | D:9      | Found a staircase to the Orcish Mines.
 11094 | D:9      | Paralysed by the fury of Uskayaw for 7 turns
 11132 | D:9      | Reached *** piety under Sif Muna
 11677 | D:9      | Found an opulent altar of Gozag.
 11681 | D:9      | Was forgiven by Uskayaw
 12003 | D:10     | Entered Level 10 of the Dungeon
 12014 | D:10     | Noticed a two-headed ogre
 12027 | D:10     | Killed a two-headed ogre
 12264 | D:10     | Got a bone mace
 12265 | D:10     | Identified the cursed +1 mace "Killer Bee's Curse" {venom, rF- Str+10 Int-3 SInv} (You found it on level 10 of the Dungeon)
 12402 | D:10     | Reached XP level 11. HP: 68/68 MP: 6/24
 12752 | D:10     | Found a staircase to the Lair.
 12793 | D:10     | Reached **** piety under Sif Muna
 15395 | D:12     | Found Ushroud's Antique Weapon Shop.
 15402 | D:12     | Bought a polished falchion for 296 gold pieces
 15403 | D:12     | Identified the +4 falchion of Tuamilem {freeze, rN+++ MP-9 Int+9} (You bought it in a shop on level 12 of the Dungeon)
 15730 | D:12     | Noticed Nessos
 15871 | Lair:1   | Entered Level 1 of the Lair of Beasts
 16024 | Lair:1   | Reached skill level 10 in Conjurations
 16085 | Lair:1   | Noticed a seven-headed hydra
 16093 | Lair:1   | Killed a seven-headed hydra
 16093 | Lair:1   | Reached ***** piety under Sif Muna
 16093 | Lair:1   | Identified Plog's Guide on the Blaze and the Rocks (Sif Muna gifted it to you on level 1 of the Lair of Beasts)
 16093 | Lair:1   | Received a gift from Sif Muna
 16093 | Lair:1   | Reached skill level 10 in Spellcasting
 16100 | Lair:1   | Learned a level 4 spell: Sticky Flame
 16108 | Lair:1   | Learned a level 7 spell: Ring of Flames
 17660 | Lair:2   | Reached skill level 1 in Charms
 18020 | Lair:2   | Noticed an eight-headed hydra
 18028 | Lair:2   | Killed an eight-headed hydra
 18319 | Lair:2   | Found a staircase to the Snake Pit.
 19253 | Lair:3   | Noticed a death yak
 19253 | Lair:3   | Noticed a death yak
 19415 | Lair:3   | Reached XP level 12. HP: 74/74 MP: 7/26
 19783 | Lair:3   | Killed a death yak
 19790 | Lair:3   | Noticed a six-headed hydra
 19901 | Lair:3   | Noticed a death yak
 19904 | Lair:3   | Noticed a death yak
 19906 | Lair:3   | Noticed a death yak
 19906 | Lair:3   | Noticed a death yak
 19978 | Lair:2   | Killed a death yak
 20230 | Lair:2   | Reached skill level 10 in Fire Magic
 20234 | Lair:2   | HP: 1/74 [death yak (28)]
 20237 | Lair:2   | Killed a death yak
 20596 | Lair:2   | Killed a death yak
 20734 | Lair:2   | Killed a death yak
 21024 | Lair:3   | Identified Sif Muna's Guide on Dislocated Transmutation (Sif Muna gifted it to you on level 3 of the Lair of Beasts)
 21024 | Lair:3   | Received a gift from Sif Muna
 21251 | Lair:2   | Mangled by a death yak

Vault maps used:
D:1:      dpeg_arrival_shelter, roderic_roman_lattice
D:3:      grunt_dithmenos_smoke_and_mirrors, nicolae_overflow_crystal_walls,
          chequers_temple_overflow_minitemple, first_ration,
          minmay_misc_feat_cross, uniq_ijyb, uniq_robin,
          uniq_crazy_yiuf_cottage, uniq_sigmund
D:4:      serial_shops, nicolae_shop_overgrown_old_shop, uniq_menkaure,
          uniq_edmund
D:7:      lemuel_round_altar, kennysheep_little_box,
          minmay_temple_entry_poolview, grunt_ogre_cave
D:8:      grunt_temple_overflow_order_and_chaos_1, old_standard_altar,
          lemuel_altar_in_water2
D:9:      kennysheep_mini, kennysheep_orc_monster_closet_entryway,
          skrybe_limestone_x
D:10:     minmay_lair_entry_grove, st_stairs_1, serial_bayou_pond_d
D:11:     kennysheep_small_spiral
D:12:     serial_shops, shop, uniq_nessos
Temple:   kb_corrupted_temple
Lair:1:   infiniplex_staircase_pool_2
Lair:2:   guppyfry_snake_entry_garden, st_stairs_10

Skill      XL: |  1  2  3  4  5  6  7  8  9 10 11 12 |
---------------+-------------------------------------+-----
Conjurations   | 1 2 3 4 5 7 8 9 10 11 | 11.0
Fire Magic     | 2 3 5 6 8 9 10 | 10.3
Spellcasting   | 5 6 8 9 10 11 | 11.0
Translocations | 1 |  1.0
Air Magic      | 2 |  2.0
Summonings     | 1 |  1.0
Ice Magic      | 1 3 4 |  4.0
Charms         | 1 2 |  2.0
Dodging        | |  1.5
Stealth        | |  1.5

Action                   |  1- 3 |  4- 6 |  7- 9 | 10-12 || total
-------------------------+-------+-------+-------+-------++-------
Melee: Short sword       |     5 |    11 |       |       ||    16
       Mace              |       |    74 |   143 |   154 ||   371
       Whip              |       |       |    10 |    48 ||    58
 Cast: Magic Dart        |    81 |    74 |   347 |   124 ||   626
       Call Imp          |     1 |       |     3 |       ||     4
       Conjure Flame     |       |     6 |    20 |    87 ||   113
       Mephitic Cloud    |       |     4 |    27 |    27 ||    58
       Summon Lightning  |       |       |     8 |    34 ||    42
       Throw Icicle      |       |       |     2 |    88 ||    90
       Sticky Flame      |       |       |       |    21 ||    21
       Blink             |       |       |       |     4 ||     4
Invok: Stomp             |       |       |     1 |       ||     1
       Renounce Religion |       |       |     1 |       ||     1
Evoke: Wand              |       |     3 |     2 |     5 ||    10
  Use: Scroll            |       |     6 |       |    11 ||    17
 Stab: Sleeping          |     1 |     3 |     1 |       ||     5
       Confused          |       |     2 |     4 |     4 ||    10
       Paralysed         |       |       |     1 |       ||     1
       Distracted        |       |       |       |     1 ||     1
Armor: Robe              |     2 |    36 |    94 |    97 ||   229
Dodge: Dodged            |    15 |    83 |   163 |   267 ||   528

Table legend:
 A = Spawn XP
 B = Non-spawn XP
 C = Spawn XP percentage of total XP
 D = Spawn monster count
 E = Non-spawn monster count
 F = Spawn count percentage of total count
 G = Total turns spent on level
                    A         B        C        D         E        F      G
               +---------+---------+-------+---------+---------+-------+---------
         Total |       0 |   29455 |   0.0 |       0 |     389 |   0.0 | 21251
               +---------+---------+-------+---------+---------+-------+---------
           D:1 |       0 |      47 |   0.0 |       0 |      22 |   0.0 |  1097
           D:2 |       0 |     116 |   0.0 |       0 |      24 |   0.0 |  1185
           D:3 |       0 |     431 |   0.0 |       0 |      38 |   0.0 |  1369
           D:4 |       0 |     723 |   0.0 |       0 |      19 |   0.0 |  1232
           D:5 |       0 |     318 |   0.0 |       0 |      18 |   0.0 |   780
           D:6 |       0 |     997 |   0.0 |       0 |      34 |   0.0 |  1633
           D:7 |       0 |    1095 |   0.0 |       0 |      20 |   0.0 |  1058
           D:8 |       0 |    1013 |   0.0 |       0 |      24 |   0.0 |  1054
           D:9 |       0 |    4027 |   0.0 |       0 |      55 |   0.0 |  2498
          D:10 |       0 |    5338 |   0.0 |       0 |      50 |   0.0 |  2024
          D:11 |       0 |    2228 |   0.0 |       0 |      25 |   0.0 |  1388
          D:12 |       0 |     393 |   0.0 |       0 |      12 |   0.0 |   456
        Lair:1 |       0 |    2054 |   0.0 |       0 |      11 |   0.0 |  1584
        Lair:2 |       0 |    6807 |   0.0 |       0 |      18 |   0.0 |  3276
        Lair:3 |       0 |    3868 |   0.0 |       0 |      19 |   0.0 |   520
               +---------+---------+-------+---------+---------+-------+---------
